 Dungeon Crawl Stone Soup version 0.20-a0-522-g0b37eee (webtiles) character file.

305 Ijustatesigmund the Covert (level 6, -6/30 HPs)
             Began as a Spriggan Assassin on Jan 25, 2017.
             Mangled by an iguana (8 damage)
             ... on level 4 of the Dungeon.
             The game lasted 00:09:27 (4314 turns).

Ijustatesigmund the Covert (Spriggan Assassin)      Turns: 4314, Time: 00:09:29

Health: -6/30      AC:  5    Str:  7    XL:     6   Next: 16%
Magic:  16/16      EV: 22    Int: 12    God:
Gold:   132        SH:  0    Dex: 20    Spells: 5/5 levels left

rFire    . . .     SeeInvis +   l - +2 dagger (freeze)
rCold    . . .     Gourm    .   c - +0 robe
rNeg     . . .     Faith    .   (shield restricted)
rPois    .         Spirit   .   (helmet restricted)
rElec    .         Reflect  .   d - +2 cloak
rCorr    .         Harm     .   (gloves unavailable)
MR       +....                  (boots unavailable)
Stlth    ++++......             (no amulet)
Regen    0.1/turn               (no ring)
                                m - ring of magical power

@: very quick
A: unfitting armour, see invisible, herbivore 3, speed 3, slow metabolism 2
a: no special abilities


You were on level 4 of the Dungeon.
You were not hungry.

You visited 1 branch of the dungeon, and saw 4 of its levels.

You collected 132 gold pieces.

Inventory:

Hand Weapons
 a - a +2 dagger
 b - a +0 blowgun
 l - a +2 dagger of freezing (weapon)
Missiles
 e - 23 poisoned needles
 f - 2 curare-tipped needles
 h - 3 needles of frenzy
 n - 6 needles of confusion
Armour
 c - a +0 robe (worn)
 d - a +2 cloak (worn)
Jewellery
 m - a ring of magical power (left hand)
Wands
 o - a wand of lightning (14/15)
Scrolls
 k - a scroll of recharging
 p - 2 scrolls of immolation
 t - 2 scrolls of enchant armour
Potions
 i - a potion of invisibility
 q - a potion of haste
 r - a potion of beneficial mutation {unknown}
 s - 2 potions of agility {unknown}
 u - a potion of cancellation {unknown}
Comestibles
 g - 3 bread rations


   Skills:
 - Level 1.5 Fighting
 + Level 4.2 Short Blades
 - Level 2.0 Throwing
 + Level 5.6 Dodging
 + Level 8.1 Stealth


You had 5 spell levels left.
You didn't know any spells.

Dungeon Overview and Level Annotations

Branches:
Dungeon (4/15)
 Temple: D:4-7

Altars:


Innate Abilities, Weirdness & Mutations

You are very small and have problems with some larger weapons.
You are too small for most types of armour.
You have supernaturally acute eyesight. (SInv)
You are a herbivore.
You cover ground extremely quickly.
You need consume almost no food.


Message History

You are too injured to fight recklessly!
You are too injured to fight recklessly!
You are too injured to fight recklessly!
You are too injured to fight recklessly!
You are too injured to fight recklessly!
You are too injured to fight recklessly!
You are too injured to fight recklessly!
You are too injured to fight recklessly!
You are too injured to fight recklessly!
You are too injured to fight recklessly!
You hit the orc priest. You freeze the orc priest.
The orc priest is almost dead.
The iguana misses you.
You hit the orc priest but do no damage.
The orc priest is almost dead.
The orc priest invokes the aid of Beogh against you.
Beogh smites you!
* * * LOW HITPOINT WARNING * * *
The iguana bites you!
You die...

..<....>.......!..
..).....................
...............................##
.........................>......#
.................................
.................................
................................
..............................##
................@o.........†...##
.................l..............#
#............................##..
###........................<##
####........................#
#...........................#
............................#
..####.....................##
...# ##.......##...........#


You could see an iguana and an orc priest.

Vanquished Creatures
  A scorpion (D:4)
  2 orc priests
  A hound (D:4)
  Natasha (twice) (D:3)
  A gnoll (D:3)
  4 adders
  2 worms
  2 dart slugs
  A leopard gecko (D:1)
  10 orcs
  6 goblins
  3 hobgoblins
  5 jackals
  10 kobolds
  A ball python (D:3)
  3 bats
  A frilled lizard (D:3)
  5 rats
60 creatures vanquished.

Notes
Turn   | Place    | Note
-------+----------+-------------------------------------------
     0 | D:1      | Ijustatesigmund the Spriggan Assassin began the quest for the Orb.
     0 | D:1      | Reached XP level 1. HP: 10/10 MP: 2/2
   128 | D:1      | Reached skill level 6 in Stealth
   205 | D:1      | Reached XP level 2. HP: 12/14 MP: 3/3
  1133 | D:3      | Reached XP level 3. HP: 18/18 MP: 4/4
  1177 | D:3      | Reached XP level 4. HP: 7/22 MP: 5/5
  2835 | D:3      | Noticed Natasha
  2841 | D:3      | Reached skill level 7 in Stealth
  2846 | D:3      | Killed Natasha
  2975 | D:3      | Noticed Natasha
  2988 | D:3      | Killed Natasha
  2988 | D:3      | Reached XP level 5. HP: 4/25 MP: 6/6
  3608 | D:4      | Reached skill level 5 in Dodging
  3870 | D:3      | Reached XP level 6. HP: 20/30 MP: 7/7
  4153 | D:3      | Reached skill level 8 in Stealth
  4314 | D:4      | Mangled by an iguana

Vault maps used:
D:1:      arrival_zaba_pyramid
D:3:      uniq_natasha
D:4:      first_bread, serial_shops, nicolae_shop_trees,
          minmay_misc_feat_pillars

Skill      XL: |  1  2  3  4  5  6 |
---------------+-------------------+-----
Dodging        | 2 3 4 5 |  5.6
Stealth        | 6 7 8 |  8.1
Short Blades   | 3 4 |  4.2
Fighting       | |  1.5
Throwing       | |  2.0

Action                   |  1- 3 |  4- 6 || total
-------------------------+-------+-------++-------
Melee: Dagger            |    64 |   175 ||   239
 Fire: Blowgun           |       |    11 ||    11
  Use: Scroll            |     4 |     8 ||    12
       Potion            |     2 |       ||     2
 Stab: Sleeping          |     4 |     8 ||    12
       Distracted        |     1 |       ||     1
  Eat: Royal jelly       |       |     1 ||     1
Armor: Robe              |     7 |    18 ||    25
Dodge: Dodged            |    43 |   120 ||   163
